 Dungeon Crawl Stone Soup version 0.27.1-3-gb3d3a73c9e (webtiles) character file.

Game seed: 16233118614649886599

56657 Skaal the Severer (level 14, 0/126 HPs)
             Began as a Minotaur Berserker on Sept 19, 2021.
             Was a High Priest of Trog.
             Slain by an ice dragon (9 damage)
             ... on level 5 of the Lair of Beasts on Oct 13, 2021.
             The game lasted 01:21:05 (23687 turns).

Skaal the Severer (Minotaur Berserker)             Turns: 23687, Time: 01:21:19

Health: 0/126      AC: 22    Str: 26    XL:     14   Next: 42%
Magic:  13/13      EV: 15    Int:  4    God:    Trog [*****.]
Gold:   1143       SH: 11    Dex: 11    Spells: 13/13 levels left

rFire    + . .     SeeInvis .   a - +4 broad axe (vorpal)
rCold    . . .     Faith    .   A - +0 buckler
rNeg     . . .     Spirit   .   i - +0 swamp dragon scales
rPois    +         Reflect  +   y - +2 hat
rElec    .         Harm     .   l - +1 cloak
rCorr    .         Rampage  .   C - +3 pair of gauntlets of War {Slay+5}
Will     ++...                  U - +1 pair of boots
Stlth    ..........             g - amulet of reflection
HPRegen  0.31/turn              G - ring of protection from fire
MPRegen  0.13/turn              R - ring of willpower

@: very slow
A: horns 2, retaliatory headbutt
a: Renounce Religion, Berserk, Trog's Hand, Brothers in Arms


You were on level 5 of the Lair of Beasts.
You worshipped Trog.
Trog was extremely pleased with you.
You visited 2 branches of the dungeon, and saw 18 of its levels.
You also visited: Bailey and Ice Cave.

You collected 1143 gold pieces.

Inventory:

Hand Weapons
 a - a +4 vorpal broad axe (weapon)
 b - a +4 scimitar of flaming
 t - a +8 hand axe
Missiles
 n - 60 poisoned darts (quivered)
Armour
 i - +0 swamp dragon scales (worn)
 l - a +1 cloak (worn)
 x - a +2 scale mail of willpower
 y - a +2 hat (worn)
 A - a +0 buckler (worn)
 C - the +3 pair of gauntlets of War (worn) {Slay+5}
   (You acquired it on level 1 of the Lair of Beasts)

   Slay:      It affects your accuracy & damage with ranged weapons and melee
   (+5).
 D - a scarf of shadows
 I - a scarf of invisibility
 O - a +1 plate armour
 U - a +1 pair of boots (worn)
Jewellery
 e - a +4 ring of protection
 f - an amulet of regeneration
 g - an amulet of reflection (around neck)
 p - a ring of poison resistance
 G - a ring of protection from fire (left hand)
 M - an amulet of faith
 R - a ring of willpower (right hand)
 V - a ring of willpower
Wands
 m - a wand of mindburst (8)
 u - a wand of polymorph (13)
 E - a wand of acid (10)
 K - a wand of iceblast (21)
 P - a wand of paralysis (7)
 T - a wand of charming (15)
 W - a wand of flame (82)
Scrolls
 o - 4 scrolls of teleportation
 q - 2 scrolls of fear
 w - a scroll of enchant armour
 F - 2 scrolls of magic mapping
 J - 3 scrolls of identify
 N - 2 scrolls of enchant weapon
 Q - 2 scrolls of blinking
 S - a scroll of holy word
 Y - a scroll of silence
Potions
 c - a potion of magic
 d - a potion of resistance
 h - 2 potions of haste
 j - a potion of invisibility
 k - 9 potions of flight
 r - a potion of lignification
 s - 6 potions of curing
 v - 2 potions of cancellation
 z - 2 potions of mutation
 B - 2 potions of might
 H - a potion of ambrosia
 L - a potion of brilliance
 X - a potion of berserk rage


   Skills:
 + Level 12.2 Fighting
 * Level 16.1 Axes
 + Level 12.0 Armour
 + Level 11.0 Dodging
 + Level 11.1 Shields
 + Level 8.7 Evocations


You had 13 spell levels left.
You didn't know any spells.
Your spell library was empty.

Dungeon Overview and Level Annotations

Branches:
Dungeon (13/15)            Temple (0/1) D:7            Lair (5/6) D:11
 Shoals (0/4) Lair:3        Snake (0/4) Lair:3          Orc (0/2) D:11
 Bailey (visited)           IceCv (visited)
  Slime: Lair:5-6    Vaults: D:13-14

Altars:
Fedhas
Kikubaaqudgha
Nemelex Xobeh
Vehumet
Xom
Zin
Beogh

Shops:
D:6 (   D:11 **


Innate Abilities, Weirdness & Mutations

You have a pair of horns on your head.
You reflexively headbutt those who attack you in melee.


Message History

You now have 1143 gold pieces (gained 14).
v - 2 potions of cancellation (gained 1)
Found a glaive.
You see here a +0 glaive.
You see here a +0 glaive.
Found a plate armour.
You see here a +0 plate armour.
An ice dragon comes into view.
Found 39 gold pieces.
The ice dragon roars deafeningly!
Found 49 gold pieces and a scroll of teleportation.
The ice dragon breathes frost at you. The blast of cold hits you!!!
You enter the shallow water.
Moving in this stuff is going to be slow.
Found a glowing spear, a glowing arbalest and a potion of flight.
Found a glowing long sword and a long smoking staff.
The ice dragon is engulfed in freezing vapours.
The ice dragon bites you but does no damage.
The ice dragon claws you but does no damage.
The ice dragon tramples you.
You stumble backwards!
Splash!
You block the ice dragon's attack. x2; The ice dragon misses you.
Your unstable footing causes you to fumble your attack.
You hit the ice dragon.
The ice dragon is lightly wounded.
The ice dragon bites you. You block the ice dragon's attack.
The ice dragon barely misses you.
Your unstable footing causes you to fumble your attack.
The ice dragon breathes frost at you. The blast of cold hits you!!!
* * * LOW HITPOINT WARNING * * *
You hit the ice dragon but do no damage.
The ice dragon is lightly wounded.
You are engulfed in freezing vapours.
* * * LOW HITPOINT WARNING * * *
The ice dragon misses you. You furiously retaliate!
You headbutt the ice dragon, but do no damage.
You block the ice dragon's attack. The ice dragon tramples you!
You die...

..# ### # ######### #
####...≈≈≈≈# ######
##.......≈≈≈##
.....#####........≈≈≈≈##
####.............≈≈≈≈≈≈#
#####.........≈≈≈≈$$##
###......@D≈..$$))
##....≈≈≈....?)|
###..≈≈≈≈....!#
#############


You could see an ice dragon (catching breath).

Vanquished Creatures
  A frost giant (IceCv)
  A minotaur (Lair:1)
  2 boulder beetles
  The ghost of brudda the Protected, a journeyman MiBe of Trog (Lair:1)
  2 hydras
  2 two-headed ogres
  2 centaur warriors
  10 death yaks (IceCv)
  2 slime creatures (D:11)
  A skeletal warrior (D:10)
  Pikel (D:5)
  2 orc knights (Bailey)
  2 orc sorcerers (Bailey)
  An ugly thing (D:13)
  A mana viper (shapeshifter) (D:9)
  A cyclops (D:9)
  3 manticores
  Joseph (D:8)
  An ice statue (IceCv)
  A merfolk siren (Lair:3)
  3 black mambas
  Maurice (D:9)
  Maggie (D:10)
  10 cane toads
  5 rime drakes
  A gargoyle (D:10)
  2 komodo dragons
  An efreet (D:9)
  2 trolls
  5 polar bears
  22 blink frogs
  3 flying skulls (D:10)
  A meliai zombie (D:11)
  6 shadows
  A wraith (D:10)
  A vampire (D:12)
  33 yaks
  3 wyverns
  2 basilisks (Lair:3)
  2 steam dragons
  3 nagas (Lair:3)
  2 acid dragons (D:9)
  2 wargs (D:11)
  Duvessa (D:5)
  9 water moccasins
  19 orc warriors
  An ice beast (D:6)
  A black bear (Lair:1)
  A sky beast (D:6)
  3 necrophages
  2 ogres
  30 wolves
  7 centaurs
  A phantom (D:4)
  15 bullfrogs
  4 kobold brigands
  2 scorpions
  3 wyvern zombies
  Dowan (D:5)
  25 killer bees
  3 wights (D:10)
  A howler monkey (D:9)
  4 electric eels (Bailey)
  7 centaur zombies
  2 jellies
  8 orc priests
  5 hounds
  12 centaur skeletons
  3 bullfrog skeletons (D:6)
  2 iguanas (D:6)
  10 orc wizards
  A killer bee zombie (D:7)
  2 hound skeletons
  3 howler monkey zombies
  12 gnolls
  A howler monkey skeleton (D:4)
  4 river rats (D:4)
  8 adders
  17 white imps
  2 ufetubi
  3 worms
  2 dart slugs
  42 orcs
  11 endoplasms
  13 hobgoblins
  2 jackals (D:1)
  2 quokkas
  7 ball pythons
  4 bats
  5 frilled lizards (D:1)
  18 goblins
  17 kobolds
  8 rats
  A bush (D:10)
517 creatures vanquished.

Vanquished Creatures (collateral kills)
  A flying skull (D:10)
  A shadow (D:10)
2 creatures vanquished.

Vanquished Creatures (others)
  A polar bear (IceCv)
  19 fungi
  17 plants
  10 withered plants (D:2)
47 creatures vanquished.

Grand Total: 566 creatures vanquished

Notes
Turn   | Place    | Note
-------+----------+-------------------------------------------
     0 | D:1      | Skaal the Minotaur Berserker began the quest for the Orb.
     0 | D:1      | Reached XP level 1. HP: 19/19 MP: 0/0
   155 | D:1      | Reached XP level 2. HP: 22/27 MP: 1/1
   250 | D:1      | Reached skill level 4 in Axes
   328 | D:1      | Upgraded the game from 0.27.1-1-g398f81649c to
                  | 0.27.1-3-gb3d3a73c9e
   780 | D:1      | Reached ** piety under Trog
   781 | D:1      | Reached XP level 3. HP: 33/33 MP: 2/2
  1198 | D:2      | Found a faded altar of an unknown god.
  1754 | D:3      | Reached XP level 4. HP: 34/40 MP: 3/3
  2375 | D:4      | Noticed a necrophage
  2385 | D:4      | Killed a necrophage
  2386 | D:4      | Reached skill level 5 in Axes
  2386 | D:4      | Reached XP level 5. HP: 32/47 MP: 4/4
  2482 | D:4      | Noticed a phantom
  2493 | D:4      | Killed a phantom
  2563 | D:4      | Noticed an ogre
  2572 | D:4      | Killed an ogre
  2573 | D:4      | Reached skill level 5 in Fighting
  2573 | D:4      | Reached skill level 6 in Axes
  2573 | D:4      | Reached XP level 6. HP: 56/56 MP: 5/5
  2753 | D:4      | Reached *** piety under Trog
  3103 | D:4      | Reached XP level 7. HP: 56/61 MP: 6/6
  3253 | D:5      | Entered Level 5 of the Dungeon
  3348 | D:5      | Noticed Pikel
  3364 | D:5      | Killed Pikel
  3365 | D:5      | Reached skill level 7 in Axes
  3365 | D:5      | Reached skill level 5 in Armour
  3365 | D:5      | Reached skill level 1 in Evocations
  3595 | D:5      | Noticed Duvessa
  3595 | D:5      | Noticed Dowan
  3603 | D:5      | Killed Duvessa
  3604 | D:5      | Reached XP level 8. HP: 70/70 MP: 7/7
  3609 | D:5      | Killed Dowan
  3786 | D:5      | Reached skill level 8 in Axes
  4198 | D:6      | Reached skill level 5 in Dodging
  4454 | D:6      | Found Soruah's Antique Weapon Shop.
  4794 | D:6      | Reached XP level 9. HP: 40/78 MP: 8/8
  4806 | D:6      | Reached skill level 9 in Axes
  4810 | D:6      | Reached **** piety under Trog
  5587 | D:7      | Reached skill level 5 in Shields
  5787 | D:7      | Reached skill level 10 in Axes
  5928 | D:7      | Found a staircase to the Ecumenical Temple.
  6806 | D:8      | Reached XP level 10. HP: 85/88 MP: 9/9
  6833 | D:8      | Noticed Joseph
  6844 | D:8      | Killed Joseph
  7082 | D:8      | Reached ***** piety under Trog
  7716 | D:9      | Noticed Maurice
  7731 | D:9      | Killed Maurice
  8236 | D:9      | Reached skill level 11 in Axes
  8510 | D:9      | Received a gift from Trog
  8733 | D:9      | Noticed a cyclops
  8737 | D:9      | Noticed a centaur warrior
  8741 | D:9      | Killed a cyclops
  8742 | D:9      | Reached skill level 5 in Evocations
  8748 | D:9      | Killed a centaur warrior
  8785 | D:9      | Noticed a manticore
  9186 | D:9      | Reached XP level 11. HP: 75/95 MP: 10/10
  9345 | D:9      | Noticed a mana viper
  9345 | D:9      | Noticed a boulder beetle
  9355 | D:9      | Killed a mana viper
  9366 | D:9      | Identified the +5 quarterstaff of Cealoet {spect, Str+4
                  | Dex+4 Stlth+}
  9597 | D:9      | Killed a boulder beetle
  9598 | D:9      | Reached skill level 12 in Axes
  9783 | D:9      | @f
 10011 | D:10     | Entered Level 10 of the Dungeon
 10284 | D:10     | Found a shimmering altar of Xom.
 10284 | D:10     | Found a sparkling altar of Nemelex Xobeh.
 10339 | D:10     | Noticed a skeletal warrior
 10371 | D:10     | Killed a skeletal warrior
 10776 | D:10     | Found a glowing silver altar of Zin.
 10784 | D:10     | Found an ancient bone altar of Kikubaaqudgha.
 10966 | D:10     | Reached skill level 13 in Axes
 10966 | D:10     | Reached XP level 12. HP: 76/106 MP: 11/11
 11107 | D:10     | Noticed a two-headed ogre
 11116 | D:10     | Killed a two-headed ogre
 11137 | D:10     | Reached skill level 10 in Fighting
 11412 | D:10     | Noticed Maggie
 11420 | D:10     | Killed Maggie
 11842 | D:11     | Received a gift from Trog
 11897 | D:11     | Found a staircase to the Orcish Mines.
 12178 | D:11     | Found a flagged portal.
 12197 | Bailey   | Entered a bailey
 12246 | Bailey   | Found an iron altar of Okawaru.
 12259 | Bailey   | Reached skill level 10 in Armour
 12271 | Bailey   | Paralysed by an orc sorcerer for 4 turns
 13778 | D:11     | Found Logaot's Specific Store.
 13780 | D:11     | Found Vaus Ehu's General Store.
 13894 | D:11     | Found a bloodstained altar of Trog.
 13896 | D:11     | Found a shimmering altar of Xom.
 13896 | D:11     | Found a shimmering altar of Xom.
 13898 | D:11     | Found a blossoming altar of Fedhas.
 13898 | D:11     | Found a blossoming altar of Fedhas.
 13898 | D:11     | Found a radiant altar of Vehumet.
 14172 | D:11     | You fall into a shaft and drop 2 floors!
 14174 | D:13     | Noticed a centaur warrior
 14188 | D:13     | Killed a centaur warrior
 14312 | D:13     | Noticed a centaur warrior
 14387 | D:12     | Noticed a boulder beetle
 14406 | D:12     | Killed a boulder beetle
 14407 | D:12     | Reached skill level 14 in Axes
 14825 | D:12     | Noticed a two-headed ogre
 14839 | D:12     | Killed a two-headed ogre
 15010 | D:11     | Found a staircase to the Lair.
 17717 | Lair:1   | Entered Level 1 of the Lair of Beasts
 17717 | Lair:1   | Noticed brudda's ghost (journeyman MiBe)
 17749 | Lair:1   | Reached XP level 13. HP: 86/115 MP: 12/12
 17749 | Lair:1   | Found a runed translucent gate.
 17749 | Lair:1   | Found a runed translucent gate.
 17749 | Lair:1   | Found a runed translucent gate.
 17751 | Lair:1   | Noticed a minotaur
 18047 | Lair:1   | Received a gift from Trog
 18853 | Lair:1   | Killed a minotaur
 18869 | Lair:1   | Killed brudda's ghost
 18870 | Lair:1   | Reached skill level 10 in Shields
 19178 | Lair:1   | Acquired a +2 hat
 19189 | Lair:1   | Acquired the +3 pair of gauntlets of War {Slay+5}
 19189 | Lair:1   | Found the +3 pair of gauntlets of War {Slay+5}
 19246 | Lair:2   | Reached skill level 10 in Dodging
 19524 | Lair:2   | Found a frozen archway.
 19547 | IceCv    | Entered an ice cave
 19554 | IceCv    | Reached skill level 15 in Axes
 20187 | IceCv    | Received a gift from Trog
 20218 | IceCv    | Noticed a frost giant
 20238 | IceCv    | Killed a frost giant
 20244 | IceCv    | Reached XP level 14. HP: 71/125 MP: 13/13
 21827 | Lair:3   | Found a staircase to the Shoals.
 22169 | Lair:3   | Found a staircase to the Snake Pit.
 22989 | Lair:4   | Reached skill level 16 in Axes
 23687 | Lair:5   | Slain by an ice dragon

Illustrated notes

...........>....#.#.#.#.#........
...............###.#.#.###.###...
####...........##.#.#.#.##...#..#
.............###.#.#.#.#.###....#
...........###.....#.#.....###...
.....#...###[#.#...#.#.)..##.###.
##.....###.#.#.#...#.#....#....##
##...###.#.#.#.####'..###.#......
...###..........@...8........##..
##...###.#.#.#.####)..###.#......
###...###.#.#.#...#.#....#....##
##....###.#.#)..#.#....##[###.
#####......###.))(.#.#.....###...
........##...###...##[...###.....
...............#)##.#.##.#.......
####..#####....##[#.##.###.#####.
#..# ####..#.##.#..#..# #.


Turn 9783 on D:9: @f

Levels and vault maps discovered:
D:1:      dpeg_arrival_simpleton_c, layout_rooms, chequers_serial_rivers_small_3
D:2:      layout_basic, ebering_ecumenical_altar_petrified
D:3:      layout_loops_ring, hangedman_decor_lopped, kennysheep_doodads
D:4:      layout_rooms, lightli_sewer_entry_pipes,
          chequers_serial_rivers_micro_d
D:5:      layout_loops_ring, uniq_duvessa, uniq_pikel
D:6:      layout_loops_ring, serial_shops, nicolae_shop_behind_doors
D:7:      layout_gridville, minmay_temple_entry_statues_fountains
D:8:      layout_basic, minmay_misc_feat_encased, kennysheep_generic_room_11,
          uniq_joseph
D:9:      minmay_the_grid_four_pointed_star_mashed
          [minmay_the_grid_triangle_9x9_longest,
          minmay_the_grid_triangle_9x9_dagger,
          minmay_the_grid_triangle_9x9_checkered,
          minmay_the_grid_triangle_9x9_skeleton,
          minmay_the_grid_prize_four_corners], layout_long_grid, uniq_maurice
D:10:     hangedman_screamer, layout_irregular_city,
          gammafunk_temple_overflow_wave, nicolae_overflow_hidden_temple,
          serial_column_ruins, column_ruins_hut, column_ruins_hut_ruined,
          column_ruins_open_small, column_ruins_open_tiny,
          column_ruins_open_tiny, column_ruins_corridor_straight, uniq_maggie
D:11:     layout_basic, erik_lair_orcish_takeover, david_orc_5, enter_bailey_2,
          nicolae_specific_store, doesnt_xom_only_xom
D:12:     layout_loops_ring, serial_park_tiny_1, nicolae_zen_rock_garden
D:13:     layout_gridville, serial_rivers, chequers_serial_rivers_micro_a,
          chequers_serial_rivers_large_b, chequers_serial_rivers_small_a,
          chequers_serial_rivers_marsh
Lair:1:   layout_regular_city, lightli_volcano_entry_magma_tube,
          maelrawn_ghost_gauntlet_escape, grunt_forest_small_clearing_treed
Lair:2:   beast_lair_carwin_large_4, layout_chaotic_city,
          portal_ice_cave_entry_imps, minivault_24, grunt_megastairs_5,
          lemuel_fruit_fields
Lair:3:   layout_chaotic_city, minmay_shoals_entry_lonely_mermaid,
          guppyfry_snake_entry_island, serial_bayou_shore_a
Lair:4:   layout_loops_ring
Lair:5:   dragon1_lemuel, layout_cave_pods

Skill      XL: |  1  2  3  4  5  6  7  8  9 10 11 12 13 14 |
---------------+-------------------------------------------+-----
Axes           | 4 5 6 7 8 10 11 13 14 15 16 | 16.1
Fighting       | 4 5 6 7 8 9 10 11 12 | 12.2
Armour         | 3 4 5 6 7 8 9 10 11 12 | 12.0
Dodging        | 3 4 5 6 7 8 9 10 11 | 11.0
Shields        | 2 3 5 6 8 9 10 11 | 11.1
Evocations     | 1 2 4 5 6 7 8 |  8.7

Action                   |  1- 3 |  4- 6 |  7- 9 | 10-12 | 13-15 || total
-------------------------+-------+-------+-------+-------+-------++-------
Melee: Hand axe          |   113 |    29 |       |   301 |    26 ||   469
       Headbutt          |    25 |    16 |    52 |   145 |    95 ||   333
       War axe           |       |    65 |   248 |   109 |       ||   422
       Broad axe         |       |       |       |   267 |   367 ||   634
       Scimitar          |       |       |       |       |     7 ||     7
Throw: Dart              |       |       |       |     3 |       ||     3
Invok: Berserk           |       |       |     7 |     6 |     4 ||    17
       Brothers in Arms  |       |       |       |     1 |     1 ||     2
  Use: Scroll            |       |       |     3 |     9 |    10 ||    22
       Potion            |       |       |       |     7 |       ||     7
Armor: Animal skin       |     2 |       |       |       |       ||     2
       Chain mail        |    40 |    41 |    34 |       |       ||   115
       Plate armour      |       |       |    63 |   236 |       ||   299
       Scale mail        |       |       |       |    30 |     4 ||    34
       Swamp dragon scal |       |       |       |       |   104 ||   104
Dodge: Dodged            |    36 |    31 |    76 |   191 |   161 ||   495
Block: Other             |     8 |     8 |       |       |       ||    16
       Buckler           |       |     7 |    95 |   319 |   206 ||   627
       Tower shield      |       |     1 |       |       |       ||     1
       Reflection        |       |       |     3 |    12 |     2 ||    17
